 Dungeon Crawl Stone Soup version 0.24-a0-201-gf205589 (webtiles) character file.

Game seed: 13318744545108938224

107 Borgoz the Cutter (level 5, 0/35 HPs)
             Began as a Halfling Gladiator on Mar 24, 2019.
             Slain by an orc wizard
             ... wielding a +0 dagger
              (4 damage)
             ... on level 3 of the Dungeon.
             The game lasted 00:02:45 (1998 turns).

Borgoz the Cutter (Halfling Gladiator)              Turns: 1998, Time: 00:02:46

Health: 0/35       AC:  4    Str: 13 (15) XL:     5   Next: 11%
Magic:  5/5        EV: 21    Int: 10 (12) God:
Gold:   98         SH:  0    Dex: 20 (21) Spells: 4/4 levels left

rFire    . . .     SeeInvis .   a - +0 rapier
rCold    . . .     Gourm    .   (shield restricted)
rNeg     . . .     Faith    .   b - +0 leather armour
rPois    .         Spirit   .   c - +0 helmet
rElec    .         Reflect  .   (no cloak)
rCorr    .         Harm     .   (no gloves)
MR       .....                  (no boots)
Stlth    +++.......             (no amulet)
HPRegen  0.11/turn              (no ring)
MPRegen  0.09/turn              (no ring)

@: brilliant, agile, hasted, very quick
A: small, mutation resistance 1
a: no special abilities


You were on level 3 of the Dungeon.
You were hungry.

You visited 1 branch of the dungeon, and saw 3 of its levels.

You collected 98 gold pieces.

Inventory:

Hand Weapons
 a - a +0 rapier (weapon)
Missiles
 d - a throwing net (quivered)
Armour
 b - a +0 leather armour (worn)
 c - a +0 helmet (worn)
Scrolls
 e - 2 scrolls of remove curse {unknown}
 g - a scroll of enchant weapon {unknown}
 m - a scroll of enchant armour {unknown}
 n - a scroll of identify {unknown}
 p - a scroll of amnesia {unknown}
Potions
 h - a potion of degeneration
Comestibles
 f - 3 rations
 o - 9 chunks of flesh


   Skills:
 + Level 2.5 Fighting
 + Level 4.3 Short Blades
 - Level 2.0 Throwing
 + Level 1.9 Armour
 + Level 3.9 Dodging
 + Level 2.0 Stealth


You had 4 spell levels left.
You didn't know any spells.
Your spell library was empty.

Dungeon Overview and Level Annotations

Branches:
Dungeon (3/15)

Altars:
Kikubaaqudgha
Ru
Vehumet
Wu Jian


Innate Abilities, Weirdness & Mutations

You are small and have problems with some larger weapons.
You are somewhat resistant to further mutation.


Message History

The orc barely misses you. x2
You feel better.
You hear some strange, mumbled words.
A magic dart appears from out of thin air!
The magic dart hits you!
* * * LOW HITPOINT WARNING * * *
The orc hits you but does no damage.
It was a potion of haste.
You feel yourself speed up. The orc hits you but does no damage.
Something hits you but does no damage. The orc closely misses you.
It was a potion of agility.
You feel agile all of a sudden.
It was a potion of brilliance.
You feel clever all of a sudden. The orc misses you.
Okay, then.
You hit something. You closely miss something.
The orc hits you but does no damage.
You hit the orc but do no damage. Something hits you.
You die...

....# ....###
....... ##....#
#.....# #.# #.#
####)# #.###
##{.))###...#####
#@oo.............
#######.........#
#(.#...#..#
#.###.###.#
#..#..)#..#
#...._รท...#
#..#...#..#
#.###.###.#
#..#...#..#


You could see 2 orcs.

Vanquished Creatures
  4 adders
  An ooze (D:3)
  2 worms (D:2)
  A leopard gecko (D:2)
  7 orcs (D:3)
  A ball python (D:3)
  3 giant cockroaches
  8 hobgoblins
  3 jackals (D:1)
  6 kobolds
  7 bats
  A frilled lizard (D:1)
  2 goblins
  5 rats
51 creatures vanquished.

Notes
Turn   | Place    | Note
-------+----------+-------------------------------------------
     0 | D:1      | Borgoz the Halfling Gladiator began the quest for the Orb.
     0 | D:1      | Reached XP level 1. HP: 14/14 MP: 1/1
    98 | D:1      | Reached XP level 2. HP: 19/19 MP: 2/2
   282 | D:1      | Reached skill level 1 in Stealth
   326 | D:1      | Reached XP level 3. HP: 21/24 MP: 3/3
   328 | D:1      | Reached skill level 1 in Armour
   769 | D:2      | Reached skill level 4 in Short Blades
  1083 | D:2      | Reached XP level 4. HP: 15/29 MP: 4/4
  1236 | D:2      | Found an ornate altar of the Wu Jian Council.
  1450 | D:2      | Found an ancient bone altar of Kikubaaqudgha.
  1585 | D:2      | Found a sacrificial altar of Ru.
  1907 | D:3      | Found a radiant altar of Vehumet.
  1959 | D:3      | Reached XP level 5. HP: 16/35 MP: 5/5
  1998 | D:3      | Slain by an orc wizard

Levels and vault maps discovered:
D:1:      dpeg_arrival_boxorama, layout_loops_ring
D:2:      layout_loops_ring, lemuel_crystal_altar, kiku_gazebo_pond_becter,
          nicolae_ru_path_of_blood, corexii_shack
D:3:      layout_rooms, vehumet_crystals

Skill      XL: |  1  2  3  4 |
---------------+-------------+-----
Fighting       | 2 |  2.5
Stealth        | 1 2 |  2.0
Armour         | 1 |  1.9
Short Blades   | 4 |  4.3
Throwing       | |  2.0
Dodging        | |  3.9

Action                   |  1- 3 |  4- 6 || total
-------------------------+-------+-------++-------
Melee: Rapier            |   108 |    94 ||   202
Throw: Throwing net      |       |     2 ||     2
  Use: Potion            |       |     6 ||     6
 Stab: Sleeping          |     2 |     1 ||     3
  Eat: Chunk             |     1 |     2 ||     3
Armor: Leather armour    |    31 |    26 ||    57
Dodge: Dodged            |   104 |    88 ||   192

Table legend:
 A = Non-vault XP
 B = Vault XP
 C = Vault XP percentage of total XP
 D = Non-vault monster count
 E = Vault monster count
 F = Vault count percentage of total count
                 A         B        C        D         E       F
            +---------+---------+-------+---------+---------+-------
      Total |     152 |       2 |   1.3 |      50 |       1 |   2.0
            +---------+---------+-------+---------+---------+-------
        D:1 |      37 |       0 |   0.0 |      23 |       0 |   0.0
        D:2 |      48 |       2 |   4.0 |      10 |       1 |   9.1
        D:3 |      67 |       0 |   0.0 |      17 |       0 |   0.0
            +---------+---------+-------+---------+---------+-------
